 Dungeon Crawl Stone Soup version 0.26-a0-1132-ge9770dfcb6 (webtiles) character file.

Game seed: 3594914285436974081

180230 sahdkjhfkaj the Severer (level 17, -1/151 HPs)
             Began as a Minotaur Gladiator on Dec 20, 2020.
             Was a High Priest of Makhleb.
             Killed from afar by a will-o-the-wisp (21 damage)
             ... with a foxfire
             ... on level 4 of the Swamp.
             The game lasted 00:49:41 (25416 turns).

sahdkjhfkaj the Severer (Minotaur Gladiator)       Turns: 25416, Time: 00:49:42

Health: -1/151     AC: 27    Str: 23    XL:     17   Next: 63%
Magic:  23/23      EV: 22    Int:  5    God:    Makhleb [*****.]
Gold:   2865       SH: 22    Dex: 20    Spells: 16/16 levels left

rFire    . . .     SeeInvis +   a - +6 broad axe "Ycuthe" {elec, Will+ Str-2 Dex+4 SInv}
rCold    . . .     Faith    .   A - +2 kite shield {AC+3}
rNeg     + . .     Spirit   .   U - +0 swamp dragon scales
rPois    +         Reflect  +   V - +2 hat
rElec    +         Harm     .   w - +2 cloak {Will+}
rCorr    .         Rampage  .   B - +2 pair of gloves {Dex+3}
Will     +++..                  S - +2 pair of boots
Stlth    +.........             O - amulet of reflection
HPRegen  0.35/turn              T - +4 ring of slaying
MPRegen  0.18/turn              c - ring of Vanity {rElec rN+}

@: about to teleport
A: retaliatory headbutt, horns 2
a: Renounce Religion, Minor Destruction, Lesser Servant of Makhleb, Major
Destruction, Greater Servant of Makhleb


You were on level 4 of the Swamp.
You worshipped Makhleb.
Makhleb was extremely pleased with you.
You visited 4 branches of the dungeon, and saw 27 of its levels.
You also visited: Ossuary, Bailey and Volcano.

You collected 2865 gold pieces.

Inventory:

Hand Weapons
 a - the +6 broad axe "Ycuthe" (weapon) {elec, Will+ Str-2 Dex+4 SInv}
   (You acquired it in a bailey)

   Occasionally, upon striking a foe, it can discharge electrical energy and
   cause terrible harm.
   It affects your strength (-2).
   It affects your dexterity (+4).
   It affects your willpower, your defense against some magical effects.
   It lets you see invisible.
 b - a +0 trident of flaming
 z - the +7 lajatang of Order {silver, rMut}
   (You found it on level 5 of the Dungeon)

   It protects you from mutation.
Missiles
 d - 2 throwing nets (quivered) {!f}
Armour
 w - a +2 cloak of willpower (worn)
 A - a +2 kite shield of protection (worn)
 B - a +2 pair of gloves of dexterity (worn)
 C - a +2 plate armour of fire resistance
 S - a +2 pair of boots (worn)
 U - +0 swamp dragon scales (worn)
 V - a +2 hat (worn)
Jewellery
 c - the ring of Vanity (right hand) {rElec rN+}
   (You found it on level 2 of the Swamp)

   [ring of positive energy]

   It insulates you from electricity.
   It protects you from negative energy.
 u - a +4 ring of evasion
 G - an uncursed ring of positive energy
 O - an amulet of reflection (around neck)
 T - a +4 ring of slaying (left hand)
Wands
 e - a wand of enslavement (4)
 i - a wand of flame (68)
 o - a wand of digging (2)
 y - a wand of acid (19)
 H - a wand of disintegration (32)
 Q - a wand of random effects (18)
 R - a wand of paralysis (27)
 W - a wand of polymorph (6)
Scrolls
 k - 11 scrolls of remove curse
 m - 7 scrolls of immolation
 p - 6 scrolls of identify
 t - 15 scrolls of teleportation {!r}
 v - 6 scrolls of fear
 D - 3 scrolls of fog
 I - 2 scrolls of magic mapping
 J - 10 scrolls of enchant armour
 L - 2 scrolls of amnesia
 M - 4 scrolls of summoning
 N - 3 scrolls of blinking
Potions
 f - a potion of flight
 g - 5 potions of heal wounds
 h - 4 potions of haste
 j - 9 potions of ambrosia
 n - 6 potions of berserk rage
 q - 6 potions of mutation
 r - 3 potions of attraction
 s - 4 potions of might
 x - 7 potions of brilliance
 E - 13 potions of curing
 F - 7 potions of lignification
 K - a potion of cancellation
 P - 2 potions of invisibility
 X - a potion of resistance
Miscellaneous
 l - a box of beasts


   Skills:
 + Level 13.9 Fighting
 * Level 19.0 Axes
 - Level 2.0 Throwing
 + Level 13.9 Armour
 + Level 13.3 Dodging
 - Level 15.0 Shields
 - Level 10.0 Invocations
 - Level 10.0 Evocations


You had 16 spell levels left.
You didn't know any spells.
Your spell library contained the following spells:

 Spells                   Type           Power        Failure   Level
 Animate Skeleton         Necr           0%           58%         1
 Apportation              Tloc           0%           58%         1
 Corona                   Hex            0%           58%         1
 Foxfire                  Conj/Fire      0%           58%         1
 Magic Dart               Conj           0%           58%         1
 Summon Small Mammal      Summ           0%           58%         1
 Blink                    Tloc           N/A          73%         2
 Call Imp                 Summ           0%           73%         2
 Slow                     Hex            0%           73%         2
 Conjure Flame            Conj/Fire      0%           91%         3
 Inner Flame              Hex/Fire       0%           91%         3
 Mephitic Cloud           Conj/Pois/Air  0%           91%         3
 Cause Fear               Hex            0%           100%        4
 Leda's Liquefaction      Hex/Erth       0%           100%        4
 Sticky Flame             Conj/Fire      0%           100%        4
 Bolt of Magma            Conj/Fire/Erth 0%           100%        5
 Fireball                 Conj/Fire      0%           100%        5
 Silence                  Hex/Air        0%           100%        5
 Yara's Violent Unravell  Hex/Tmut       0%           100%        5
 Iron Shot                Conj/Erth      0%           100%        6
 Statue Form              Tmut/Erth      0%           100%        6
 Discord                  Hex            0%           100%        8
 Shatter                  Erth           0%           100%        9


Dungeon Overview and Level Annotations

Branches:
Dungeon (15/15)            Temple (0/1) D:4            Lair (6/6) D:9
  Swamp (4/4) Lair:2        Snake (0/4) Lair:3        Slime (0/5) Lair:5
    Orc (2/2) D:11            Elf (0/3) Orc:2        Vaults (0/5) D:13
 Depths (0/5) D:15        Ossuary (visited)          Bailey (visited)
Volcano (visited)

Altars:
Ashenzari
Dithmenos
Fedhas
Gozag
Makhleb
Nemelex Xobeh
Qazlal
Ru
Sif Muna
Trog
Uskayaw
Vehumet
Wu Jian
The Shining One
Jiyva

Shops:
D:13 *   Orc:2 (!:[


Innate Abilities, Weirdness & Mutations

You reflexively headbutt those who attack you in melee.
You have a pair of horns on your head.


Message History

Your unstable footing causes you to fumble your attack.
The foxfire hits you!! x2
* * * LOW HITPOINT WARNING * * *
You block the spriggan rider's attack.
Unknown command.
The hornet dies!
The spriggan falls from its now dead mount.
The alligator misses you. You furiously retaliate!
You headbutt the alligator. The alligator barely misses you.
Really read
t - 16 scrolls of teleportation {!r}?
As you read the scroll of teleportation {!r}, it crumbles to dust.
You feel strangely unstable.
The spriggan looks more healthy.
You block the alligator's attack. x2
The will-o-the-wisp gestures.
The will-o-the-wisp conjures some foxfire! 2 foxfires come into view.
The foxfire hits you!!
* * * LOW HITPOINT WARNING * * *
The foxfire hits you!!
You die...

..♣...≈≈†≈≈≈.♣ ≈≈§≈≈§.≈. .≈
≈≈≈.≈.≈≈≈≈≈.♣♣ ≈≈≈≈≈≈. ≈.≈
♣≈≈≈≈≈≈≈≈≈.♣♣ ≈≈≈..≈♣♣≈≈≈
♣♣.≈≈≈≈≈≈§..♣♣♣♣ .≈≈≈≈≈≈≈≈.
♣≈.≈≈≈≈≈≈≈≈≈≈..♣♣♣≈≈≈.≈≈≈..
≈≈.≈§.≈≈≈≈≈§≈...♣ §.....≈..
♣≈..≈≈§≈≈≈≈≈≈..≈♣♣♣......§≈
♣♣≈..≈.≈≈≈≈§≈≈≈≈♣♣§†≈§≈≈≈..
♣≈.≈♣≈≈≈..≈≈≈≈≈≈@twiv≈§≈≈≈≈
♣♣≈.♣.≈≈♣.≈≈≈.†≈.v§§§≈≈≈≈≈§
♣§.≈♣..≈.≈≈≈§≈...≈♣♣♣.≈...
♣♣♣♣♣.....≈≈≈≈...♣♣ ♣♣♣♣♣
♣≈≈≈≈♣(......♣≈♣
♣.≈≈≈...≈...≈♣♣♣
♣♣≈≈≈≈...♣.[♣♣ ♣♣....♣♣♣♣♣♣
♣♣♣♣♣♣


You could see an alligator (swift), a tyrant leech, a will-o-the-wisp and a
spriggan.

Vanquished Creatures
  Mara (Swamp:3)
  Nikola (Swamp:1)
  Rupert (Lair:6)
  A tengu reaver (D:15)
  Roxanne (D:14)
  Kirke (Lair:4)
  2 storm dragons (D:15)
  A fenstrider witch (Swamp:2)
  Sonja (Lair:4)
  A war gargoyle (D:15)
  3 bunyips
  A deep elf annihilator (D:15)
  Nessos (D:14)
  A red draconian (Volcano)
  2 ettins
  Snorg (Lair:4)
  2 yaktaur captains (D:15)
  A fire dragon (Lair:6)
  5 eleionomae
  A great orb of eyes (D:14)
  8 hydras
  A rakshasa (D:15)
  4 boulder beetles
  4 vault guards (D:13)
  2 catoblepae
  23 two-headed ogres
  5 centaur warriors
  A ghost crab (Swamp:2)
  5 alligators
  7 ogre magi
  The ghost of voltaire321 the Covert, a journeyman KoEn of Dithmenos (Lair:1)
  A deep troll earth mage (D:15)
  A tengu warrior (D:14)
  4 death yaks (Lair:6)
  A death yak (shapeshifter) (D:15)
  5 skeletal warriors (D:13)
  4 spriggans (Swamp:2)
  4 wizards
  2 goliath frogs (Swamp:1)
  3 unseen horrors
  7 spriggan druids
  A flayed ghost (D:15)
  3 bog bodies
  5 swamp dragons
  A phantasmal warrior (D:15)
  Pikel (D:4)
  A lindwurm (Lair:6)
  4 orc knights
  A deep elf mage (D:15)
  2 oklob plants (Lair:3)
  20 ugly things
  2 will-o-the-wisps
  6 cyclopes
  A moth of wrath (Swamp:2)
  27 elephants
  A naga mage (D:15)
  6 black mambas
  8 centaur skeletons
  2 molten gargoyles (Lair:6)
  Maggie (D:6)
  3 gargoyles
  A torpor snail (Swamp:2)
  9 cane toads
  3 kobold demonologists
  3 rime drakes
  8 komodo dragons
  2 yaktaurs (Volcano)
  2 polar bears (Lair:6)
  11 trolls
  A bloated husk (Swamp:1)
  A harpy skeleton (D:15)
  A queen bee (Lair:3)
  5 hornets
  13 tyrant leeches
  4 slime creatures (D:12)
  4 dream sheep (Lair:6)
  22 blink frogs
  3 shadows (D:15)
  4 wraiths
  A tarantella (shapeshifter) (D:15)
  A vampire (D:11)
  7 wyverns
  46 yaks
  10 basilisks
  A golden eye (shapeshifter) (D:13)
  3 hogs (Lair:4)
  3 steam dragons
  8 vampire mosquitoes
  Menkaure (D:4)
  18 swamp worms
  5 wargs
  A soldier ant (D:13)
  3 hell hounds (Lair:6)
  Duvessa (D:6)
  36 orc warriors
  39 water moccasins
  2 sky beasts
  A meliai simulacrum (D:15)
  A hornet zombie (D:15)
  An eye of draining (D:14)
  4 phantoms
  2 black bears
  2 ice beasts
  28 ogres
  16 wolves
  25 centaurs
  2 lemures (D:4)
  4 big kobolds
  Blork the orc (D:6)
  An elf zombie (Ossuary)
  2 gnoll sergeants
  18 bullfrogs
  5 scorpions
  Dowan (D:6)
  A hornet simulacrum (D:14)
  46 killer bees
  22 wights
  5 electric eels
  4 howler monkeys
  4 lava snakes (Lair:6)
  4 centaur zombies
  5 jellies
  Crazy Yiuf (D:3)
  12 orc priests
  4 bullfrog skeletons
  7 hounds
  20 orc wizards
  Jessica (D:3)
  3 iguanas
  5 worker ants
  3 big kobold zombies (Ossuary)
  A hound zombie (D:5)
  2 mummies (Ossuary)
  A worker ant zombie (D:6)
  27 adders
  7 gnolls
  2 white imps
  2 ufetubi
  3 adder zombies
  2 adder skeletons
  2 dart slugs
  4 leopard geckos
  94 orcs
  A ball python (D:2)
  13 bats
  6 giant cockroaches
  10 goblins
  9 hobgoblins
  6 jackals
  24 kobolds
  4 quokkas
  4 frilled lizards
  9 hobgoblin zombies (Ossuary)
  11 kobold zombies (Ossuary)
  A leopard gecko skeleton (D:6)
  7 orc zombies (Ossuary)
  A rat (D:2)
  3 rat zombies (Ossuary)
1018 creatures vanquished.

Vanquished Creatures (collateral kills)
  A hydra (Lair:6)
  2 elephants (Lair:4)
  A blink frog (Lair:4)
  A swamp worm (Swamp:3)
  A wolf (Lair:4)
6 creatures vanquished.

Vanquished Creatures (others)
  A spriggan druid (Lair:2)
  A bog body (Swamp:1)
  A deep elf mage (D:14)
  5 bloated husks
  A hornet (Swamp:4)
  A yak (Lair:4)
  2 vampire mosquitoes (Swamp:1)
  3 humans (Lair:4)
  2 orc wizards
  An adder (D:10)
  13 foxfires
  18 fungi
  64 plants
113 creatures vanquished.

Grand Total: 1137 creatures vanquished

Notes
Turn   | Place    | Note
-------+----------+-------------------------------------------
     0 | D:1      | sahdkjhfkaj the Minotaur Gladiator began the quest for the
                  | Orb.
     0 | D:1      | Reached XP level 1. HP: 18/18 MP: 0/0
   284 | D:1      | Reached XP level 2. HP: 19/25 MP: 1/1
   360 | D:1      | Reached skill level 4 in Axes
   491 | D:1      | Reached skill level 1 in Armour
   807 | D:1      | Reached XP level 3. HP: 28/30 MP: 2/2
   994 | D:2      | Found a sacrificial altar of Ru.
  1001 | D:2      | Found an ornate altar of the Wu Jian Council.
  1010 | D:2      | Reached skill level 1 in Shields
  1187 | D:2      | Found a glowing golden altar of the Shining One.
  1501 | D:3      | Noticed Jessica
  1504 | D:3      | Killed Jessica
  1505 | D:3      | Reached XP level 4. HP: 38/38 MP: 3/3
  1864 | D:3      | Found a burning altar of Makhleb.
  2127 | D:3      | Became a worshipper of Makhleb the Destroyer
  2420 | D:3      | Found a runed translucent door.
  2421 | D:3      | Noticed Crazy Yiuf
  2425 | D:3      | Killed Crazy Yiuf
  2426 | D:3      | Reached XP level 5. HP: 45/45 MP: 4/4
  2519 | D:4      | Reached skill level 5 in Axes
  2817 | D:4      | Found a broken altar of Ashenzari.
  2878 | D:4      | Reached XP level 6. HP: 13/52 MP: 5/5
  3136 | D:4      | Found a shimmering blue altar of Sif Muna.
  3417 | D:4      | Noticed a white ugly thing
  3663 | D:4      | Found a staircase to the Ecumenical Temple.
  3699 | D:4      | Noticed Menkaure
  3705 | D:4      | Killed Menkaure
  3705 | D:4      | Noticed Pikel
  3722 | D:4      | Reached skill level 1 in Evocations
  3722 | D:4      | Reached XP level 7. HP: 37/59 MP: 6/6
  3736 | D:4      | Killed Pikel
  3736 | D:4      | Reached * piety under Makhleb
  3737 | D:4      | Reached skill level 6 in Axes
  3737 | D:4      | Reached skill level 5 in Shields
  3897 | D:4      | Reached XP level 8. HP: 67/67 MP: 7/7
  3907 | D:4      | Reached skill level 5 in Dodging
  4097 | D:4      | Killed a white ugly thing
  4098 | D:4      | Reached skill level 5 in Fighting
  4098 | D:4      | Reached skill level 7 in Axes
  4274 | D:5      | Entered Level 5 of the Dungeon
  4288 | D:5      | Found the +7 lajatang of Order {silver, rMut}
  4851 | D:6      | Noticed a two-headed ogre
  4862 | D:6      | Killed a two-headed ogre
  4863 | D:6      | Reached skill level 8 in Axes
  4863 | D:6      | Reached skill level 5 in Armour
  4863 | D:6      | Reached XP level 9. HP: 75/75 MP: 8/8
  4920 | D:6      | Noticed Blork the orc
  4922 | D:6      | Noticed Maggie
  4934 | D:6      | Killed Blork the orc
  4943 | D:6      | Killed Maggie
  4963 | D:6      | Noticed Dowan
  4973 | D:6      | Noticed Duvessa
  4978 | D:6      | Killed Dowan
  4990 | D:6      | Killed Duvessa
  4991 | D:6      | Reached skill level 9 in Axes
  5189 | D:6      | Found a stormy altar of Qazlal.
  5261 | D:7      | Reached ** piety under Makhleb
  5290 | D:7      | Reached XP level 10. HP: 62/84 MP: 9/9
  5474 | D:7      | Found a radiant altar of Vehumet.
  5498 | D:7      | Found the +3 salamander hide armour {Flames rF++ rC--}
  6069 | D:8      | Reached skill level 10 in Axes
  6382 | D:8      | Found a sand-covered staircase.
  6408 | Ossuary  | Entered an ossuary
  6436 | Ossuary  | Reached *** piety under Makhleb
  6742 | D:9      | Reached **** piety under Makhleb
  6772 | D:9      | Found a staircase to the Lair.
  7024 | D:9      | Found a sparkling altar of Nemelex Xobeh.
  7059 | D:9      | Found a bloodstained altar of Trog.
  7086 | D:9      | Reached skill level 10 in Shields
  7122 | D:9      | Found a bloodstained altar of Trog.
  7192 | D:9      | Noticed a two-headed ogre
  7458 | D:9      | Killed a two-headed ogre
  7459 | D:9      | Reached skill level 11 in Axes
  7459 | D:9      | Reached skill level 5 in Evocations
  7459 | D:9      | Reached XP level 11. HP: 92/92 MP: 10/10
  8015 | D:9      | Found a shadowy altar of Dithmenos.
  8015 | D:9      | Found a faded altar of an unknown god.
  8020 | D:9      | Found a blossoming altar of Fedhas.
  8022 | D:9      | Found a faded altar of an unknown god.
  8024 | D:9      | Found a hide-covered altar of Uskayaw.
  8110 | D:10     | Entered Level 10 of the Dungeon
  8263 | D:10     | Killed an unseen horror
  8310 | D:10     | Noticed a wizard
  8316 | D:10     | Killed a wizard
  8339 | D:10     | Noticed a two-headed ogre
  8594 | D:10     | Reached ***** piety under Makhleb
  8919 | D:10     | Reached skill level 12 in Axes
  9167 | Lair:1   | Entered Level 1 of the Lair of Beasts
  9690 | Lair:1   | Found a runed translucent gate.
  9690 | Lair:1   | Found a runed translucent gate.
  9690 | Lair:1   | Found a runed translucent gate.
  9697 | Lair:1   | Noticed voltaire321's ghost (journeyman KoEn)
  9936 | Lair:1   | Reached XP level 12. HP: 103/103 MP: 11/11
  9952 | Lair:1   | Killed voltaire321's ghost
 10679 | Lair:2   | Noticed a four-headed hydra
 10687 | Lair:2   | Killed a four-headed hydra
 11083 | Lair:2   | Found a staircase to the Swamp.
 11354 | Lair:3   | Reached skill level 13 in Axes
 11363 | Lair:3   | Noticed a five-headed hydra
 11380 | Lair:3   | Killed a five-headed hydra
 11409 | Lair:3   | Found a staircase to the Snake Pit.
 11648 | Lair:3   | Reached ****** piety under Makhleb
 11669 | Lair:3   | Reached skill level 1 in Invocations
 11681 | Lair:3   | Reached XP level 13. HP: 108/112 MP: 12/12
 12252 | Lair:4   | Noticed Snorg
 12279 | Lair:4   | Killed Snorg
 12432 | Lair:4   | Noticed Kirke
 12447 | Lair:4   | Killed Kirke
 12448 | Lair:4   | Reached skill level 5 in Invocations
 12504 | Lair:4   | Noticed Sonja
 12523 | Lair:4   | Reached skill level 10 in Evocations
 12627 | Lair:4   | Killed Sonja
 13132 | Lair:5   | Found a dark tunnel.
 13139 | Volcano  | Entered a volcano
 13158 | Volcano  | Found a radiant altar of Vehumet.
 13159 | Volcano  | Noticed a red draconian
 13169 | Volcano  | Reached XP level 14. HP: 106/119 MP: 17/19
 13941 | Lair:5   | Found a viscous altar of Jiyva.
 13941 | Lair:5   | Found a staircase to the Slime Pits.
 14003 | Lair:6   | Entered Level 6 of the Lair of Beasts
 14264 | Lair:6   | Reached skill level 10 in Invocations
 14437 | Lair:6   | Reached skill level 10 in Fighting
 14492 | Lair:6   | Reached skill level 14 in Axes
 14511 | Lair:6   | Found a large runed translucent door.
 14513 | Lair:6   | Found a large runed translucent door.
 14513 | Lair:6   | Noticed Rupert
 14957 | Lair:6   | Reached skill level 10 in Armour
 14978 | Lair:6   | Killed Rupert
 14979 | Lair:6   | Reached skill level 10 in Dodging
 15758 | D:11     | Found an opulent altar of Gozag.
 15768 | D:11     | Found a staircase to the Orcish Mines.
 16597 | D:12     | Reached XP level 15. HP: 115/128 MP: 21/21
 16982 | D:13     | Found a gate to the Vaults.
 17031 | D:13     | Reached skill level 15 in Axes
 17105 | D:13     | Found a flagged portal.
 17112 | Bailey   | Entered a bailey
 17327 | Bailey   | Identified a scroll of acquirement
 17329 | Bailey   | Acquired the +6 broad axe "Ycuthe" {elec, Will+ Str-2 Dex+4
                  | SInv}
 17465 | D:13     | Found Iseneoxou's General Store.
 18181 | D:14     | Reached skill level 15 in Shields
 18207 | D:14     | Noticed Roxanne
 18531 | D:14     | Killed Roxanne
 18866 | D:14     | Noticed Nessos
 18870 | D:14     | Killed Nessos
 19002 | D:15     | Entered Level 15 of the Dungeon
 19096 | D:15     | Reached skill level 16 in Axes
 19136 | D:15     | Found a staircase to the Depths.
 19256 | D:15     | Reached XP level 16. HP: 139/139 MP: 22/22
 19325 | D:15     | Found a shadowy altar of Dithmenos.
 19569 | D:15     | Found a huge runed gate.
 19569 | D:15     | Found a huge runed gate.
 19570 | D:15     | Found a huge runed gate.
 19571 | D:15     | Found a huge runed gate.
 19579 | D:15     | Found a huge runed gate.
 19587 | D:15     | Noticed a storm dragon
 19587 | D:15     | Noticed a storm dragon
 19867 | D:15     | Noticed a sphinx
 19867 | D:15     | a sphinx changed into an azure jelly
 19871 | D:15     | Noticed a sphinx
 19871 | D:15     | an azure jelly changed into a sphinx
 19873 | D:15     | a sphinx changed into an alligator snapping turtle
 19881 | D:15     | Killed a storm dragon
 19882 | D:15     | Noticed a shadow dragon
 19882 | D:15     | an eleionoma changed into a shadow dragon
 19887 | D:15     | a shadow dragon changed into an azure jelly
 19941 | D:15     | Killed a storm dragon
 19942 | D:15     | Reached skill level 17 in Axes
 20239 | Orc:1    | Entered Level 1 of the Orcish Mines
 20500 | Orc:2    | Entered Level 2 of the Orcish Mines
 20871 | Orc:2    | Found Seloux's Antique Weapon Shoppe.
 20871 | Orc:2    | Found Calin's Distillery.
 20872 | Orc:2    | Found Voweuding's Book Boutique.
 20872 | Orc:2    | Found Ememnupn's Antique Armour Emporium.
 20990 | Orc:2    | Found a staircase to the Elven Halls.
 22149 | Swamp:1  | Entered Level 1 of the Swamp
 22187 | Swamp:1  | Noticed Nikola
 22212 | Swamp:1  | Killed Nikola
 22213 | Swamp:1  | Reached skill level 18 in Axes
 22213 | Swamp:1  | Reached XP level 17. HP: 96/150 MP: 23/23
 24254 | Swamp:2  | Got a fine granite ring
 24261 | Swamp:2  | Identified the ring of Vanity {rElec rN+} (You found it on
                  | level 2 of the Swamp)
 24499 | Swamp:3  | Noticed Mara
 24532 | Swamp:3  | Noticed sahdkjhfkaj's illusion
 24533 | Swamp:3  | Killed Mara
 24989 | Swamp:3  | Reached skill level 19 in Axes
 25253 | Swamp:4  | Entered Level 4 of the Swamp
 25416 | Swamp:4  | Killed from afar by a will-o-the-wisp

Illustrated notes

Levels and vault maps discovered:
D:1:      dpeg_arrival_rhombus, layout_loops_ring
D:2:      layout_basic, lemuel_crystal_altar, nicolae_tso_carved_into_rock,
          overflow_temple_1_default, eino_tiny_chamber
D:3:      layout_loops_ring, lightli_temple_of_fire,
          minmay_misc_feat_more_columns, uniq_crazy_yiuf_cottage, uniq_jessica
D:4:      layout_rooms, led_sif_book, overflow_temple_1_default,
          minmay_temple_entry_hall, minmay_small_thing, uniq_menkaure,
          uniq_pikel
D:5:      layout_rooms
D:6:      layout_rooms, nicolae_qazlal_eye_of_the_storm, uniq_duvessa,
          uniq_maggie, uniq_blork_the_orc
D:7:      layout_cave_pools, nicolae_overflow_hidden_temple
D:8:      layout_loops_ring, nicolae_ossuary_entry_false_entrances
D:9:      layout_stronghold, old_standard_altar, kennysheep_mini,
          chequers_temple_overflow_minitemple, erik_lair_island, serial_bayou,
          serial_bayou_shore_a, serial_bayou_pond_e, serial_bayou_pond_b,
          serial_bayou_ford_a, serial_bayou_pond_c, serial_bayou_shore_b,
          lemuel_centaur_altar
D:10:     lemuel_reptile_caves, layout_small_grid, minmay_diamond_spiral
D:11:     minmay_cornered_nines, layout_small_grid, david_orc_3,
          nicolae_gozag_seed_capital
D:12:     layout_roguey, kennysheep_big_empty_room
D:13:     layout_loops_ring, lightli_vaults_fourway_checkpoint, enter_bailey_3,
          serial_shops, shop
D:14:     layout_loops_ring, minmay_door_square, uniq_nessos, uniq_roxanne
D:15:     grunt_enter_depths_magical_seal, layout_loops_ring,
          nicolae_dithmenos_shadow_blocks, minmay_misc_feat_doors, door_vault
Lair:1:   layout_layer_cave, gammafunk_ghost_split, serial_bayou_shore_b,
          grunt_megastairs_3
Lair:2:   layout_hall_layers, minmay_swamp_entry_worms, grunt_megastairs_5,
          serial_bayou_shore_b, lemuel_fruit_fields
Lair:3:   layout_roguey, minmay_snake_entry_six_corridors, special_room
          [special_room_bee], minmay_hedge_maze, serial_bayou_shore_b,
          grunt_megastairs_1, minmay_lair_oklob_chamber
Lair:4:   layout_roguey, lemuel_fruit_fields, grunt_megastairs_4,
          serial_bayou_shore_b, uniq_kirke, uniq_sonja, uniq_snorg
Lair:5:   layout_concentric_octagons, dpeg_slime_entry_enclosed_altar,
          nicolae_volcano_entry_two_sided
Lair:6:   cheibrodos_lair_end_hotspot, layout_regular_city,
          chequers_serial_rivers_large_b, uniq_rupert
Swamp:1:  layout_basic_swamp, evilmike_swamp_ruin_house_5, uniq_nikola
Swamp:2:  layout_falls_marsh, evilmike_swamp_ruin_house_3, worms_lemuel
Swamp:3:  layout_basic_swamp, evilmike_swamp_ruin_rubble_1, swamp_pool1,
          infiniplex_staircase_pool_2, uniq_mara
Swamp:4:  swamp_alternative, layout_basic_swamp, swamp_pool5
Orc:1:    layout_caves
Orc:2:    st_orc_ogre_mass, layout_caves

Skill      XL: |  1  2  3  4  5  6  7  8  9 10 11 12 13 14 15 16 17 |
---------------+----------------------------------------------------+-----
Axes           | 4 5 6 8 9 11 12 13 14 16 18 19 | 19.0
Armour         | 1 2 3 5 6 7 8 9 10 11 13 | 13.9
Shields        | 1 2 3 4 5 7 8 10 11 12 14 15 | 15.0
Fighting       | 3 4 5 6 7 8 9 10 11 13 | 13.9
Dodging        | 4 5 6 7 8 9 10 11 12 13 | 13.3
Evocations     | 1 3 5 6 10 | 10.0
Invocations    | 1 8 10 | 10.0
Throwing       | |  2.0

Action                   |  1- 3 |  4- 6 |  7- 9 | 10-12 | 13-15 | 16-18 || total
-------------------------+-------+-------+-------+-------+-------+-------++-------
Melee: War axe           |    76 |   110 |   124 |       |       |       ||   310
       Headbutt          |     7 |    19 |    32 |   135 |   281 |   183 ||   657
       Broad axe         |       |       |    48 |   653 |  1030 |   717 ||  2448
       Trident           |       |       |       |    16 |    38 |       ||    54
Throw: Throwing net      |       |       |     1 |       |       |     1 ||     2
Invok: Major Destruction |       |       |       |       |     1 |       ||     1
       Greater Servant o |       |       |       |       |     2 |     1 ||     3
Evoke: Wand              |       |     4 |    10 |    15 |     9 |    11 ||    49
  Use: Scroll            |     3 |     4 |     4 |    18 |    19 |     4 ||    52
       Potion            |       |       |       |     2 |     3 |     2 ||     7
 Stab: Held in net/web   |       |       |     2 |       |       |       ||     2
       Petrified         |       |       |       |       |     8 |       ||     8
       Distracted        |       |       |       |       |     1 |     3 ||     4
Armor: Leather armour    |    18 |       |       |       |       |       ||    18
       Ring mail         |    10 |     1 |       |       |       |       ||    11
       Chain mail        |       |    80 |    85 |   423 |   113 |       ||   701
       Plate armour      |       |       |       |       |   303 |   119 ||   422
       Swamp dragon scal |       |       |       |       |       |    54 ||    54
Dodge: Dodged            |    42 |    23 |    50 |   416 |   675 |   262 ||  1468
Block: Tower shield      |    40 |    96 |    42 |       |       |       ||   178
       Kite shield       |       |       |    77 |   681 |  1148 |   653 ||  2559
       Reflection        |       |       |       |       |    28 |    45 ||    73

Table legend: (Time is in decaauts)
 A = Elapsed time spent in this place.
 B = Non-inter-level travel time spent in this place.
 C = Inter-level travel time spent in this place.
 D = Time resting spent in this place.
 E = Time spent auto-exploring this place.
 F = Levels seen in this place.
 G = Mean time per level.
                   A        B        C        D        E       F      G
               +--------+--------+--------+--------+--------+-----+--------+
         Total |  25806 |  24253 |   1553 |   2381 |  16076 |  30 |  860.2 |
       Dungeon |  14196 |  13305 |    891 |   1017 |   8908 |  15 |  946.4 |
          Lair |   6704 |   6191 |    513 |    596 |   4483 |   6 | 1117.3 |
         Swamp |   2948 |   2899 |     49 |    656 |   1639 |   4 |  737.0 |
  Orcish Mines |   1196 |   1097 |     99 |      0 |    786 |   2 |  598.0 |
       Ossuary |    182 |    182 |      0 |      0 |     96 |   1 |  182.0 |
        Bailey |    220 |    220 |      0 |      0 |     79 |   1 |  220.0 |
       Volcano |    358 |    358 |      0 |    111 |     83 |   1 |  358.0 |
               +--------+--------+--------+--------+--------+-----+--------+

Top non-repeatable levels by time:
     D:4: 1709 daAuts
     D:9: 1657 daAuts
  Lair:1: 1461 daAuts
  Lair:2: 1354 daAuts
 Swamp:1: 1282 daAuts
  Lair:6: 1254 daAuts
     D:3: 1243 daAuts
  Lair:3: 1201 daAuts
    D:15: 1116 daAuts
    D:13: 1110 daAuts
    D:10: 1043 daAuts
    D:14: 974 daAuts
     D:1: 961 daAuts
 Swamp:2: 858 daAuts
    D:12: 739 daAuts
